AoeStats
← 太阳当空照

Lombardia

509105642Analyzed
3v3 RM · 8d ago on Sep 25, 2026· 48m 48s· 6 players
Game mode
Random Map
Map size
Normal (6 player)
Population
200
Speed
Normal
Resources
Standard
Victory
Conquest
Starting age
Dark Age
Ending age
Imperial Age
RankedLock teamsTeams togetherTeam positionsShared explorationLock speedFull tech treeHidden civsTurbo modeCheats
Victory
Defeat
🇨🇳 Ethiopians · China
1228
+17
🇨🇳 Huns · China
1215
+17
🇨🇳 Franks · China
1214
+17
🇻🇳 Maya · Vietnam
1259
-17
🇳🇴 Ethiopians · Norway
1247
-17
🇷🇺 Varangians · Russia
1234
-17
Stardust
7:21 Loom
9:43 Feudal Age
10:50 Double-Bit Axe
12:03 Horse Collar
20:18 Castle Age
19:58 Bloodlines
20:20 Scale Barding Armor
22:36 Husbandry
25:11 Gold Mining
26:59 Forging
27:57 Chain Barding Armor
29:22 Iron Casting
33:20 Fletching
39:04 Imperial Age
37:13 Vendel Legacy
38:29 Heavy Plow
38:45 Bow Saw
40:12 Conscription
39:39 Cavalier
41:37 Plate Barding Armor
42:10 Blast Furnace
Gin
4:26 Loom
10:06 Feudal Age
15:54 Castle Age
15:13 Fletching
16:42 Bodkin Arrow
17:06 Padded Archer Armor
20:02 Leather Archer Armor
23:00 Wheelbarrow
24:08 Double-Bit Axe
23:56 Crossbowman
25:24 Horse Collar
28:10 Ballistics
28:47 Thumb Ring
29:10 Squires
30:55 Gold Mining
35:09 Imperial Age
33:05 Hand Cart
32:42 Town Watch
34:24 Scale Mail Armor
34:34 Forging
35:17 Squires
35:02 Arson
36:40 Bow Saw
36:32 Heavy Plow
37:03 Fortified Wall
37:07 Arbalester
37:58 Bracer
38:53 Ring Archer Armor
38:57 Chain Mail Armor
39:08 Halberdier
41:04 Chemistry
41:35 Two-Man Saw
41:00 Conscription
MemeManVai
0:33 Loom
10:48 Feudal Age
16:36 Castle Age
15:32 Fletching
18:27 Double-Bit Axe
19:54 Wheelbarrow
19:33 Eagle Warrior
20:16 Squires
20:02 Arson
21:24 Scale Mail Armor
22:52 Horse Collar
25:01 Bow Saw
25:01 Heavy Plow
25:53 Forging
25:51 Gold Mining
25:56 Stone Mining
28:04 Hand Cart
29:23 Iron Casting
29:04 Chain Mail Armor
32:16 Imperial Age
29:36 Town Watch
31:26 Iron Casting
31:06 Chain Mail Armor
31:01 Bodkin Arrow
32:14 Town Patrol
32:58 Bodkin Arrow
34:14 Blast Furnace
33:44 Plate Mail Armor
32:39 Elite Eagle Warrior
34:01 Holcans
33:51 Conscription
34:53 Two-Man Saw
34:25 Crop Rotation
37:08 Pikeman
37:49 Bracer
37:50 Padded Archer Armor
37:54 Halberdier
40:32 Thumb Ring
39:48 Elite Skirmisher
39:51 Crossbowman
646257513
10:28 Feudal Age
15:53 Castle Age
14:44 Loom
14:51 Double-Bit Axe
14:59 Gold Mining
17:02 Scale Barding Armor
19:24 Town Watch
25:00 Bow Saw
29:37 Imperial Age
28:32 Wheelbarrow
27:58 Town Patrol
29:06 Gold Shaft Mining
28:22 Stone Mining
30:44 Hand Cart
30:38 Cavalier
31:31 Bloodlines
31:24 Husbandry
33:41 Two-Man Saw
33:04 Horse Collar
35:22 Conscription
34:31 Paladin
35:32 Heavy Plow
37:17 Chain Barding Armor
37:08 Forging
39:07 Plate Barding Armor
38:23 Fletching
38:34 Padded Archer Armor
40:23 Iron Casting
41:16 Chemistry
40:37 Ballistics
40:13 Murder Holes
41:09 Bodkin Arrow
41:29 Leather Archer Armor
41:15 Scale Mail Armor
44:15 Heavy Cavalry Archer
45:21 Parthian Tactics
45:03 Bracer
48:34 Caravan
小虾米
6:04 Loom
8:35 Feudal Age
9:04 Double-Bit Axe
11:42 Fletching
15:55 Padded Archer Armor
19:00 Town Watch
23:36 Castle Age
23:25 Horse Collar
23:54 Gold Mining
23:42 Crossbowman
24:21 Bodkin Arrow
28:36 Bow Saw
30:02 Ballistics
30:43 Wheelbarrow
35:43 Imperial Age
33:32 Hand Cart
35:28 Thumb Ring
36:42 Bracer
37:04 Town Patrol
38:51 Chemistry
37:59 Arbalester
太阳当空照
11:21 Feudal Age
11:54 Loom
16:50 Castle Age
15:51 Double-Bit Axe
19:49 Wheelbarrow
27:56 Imperial Age
25:48 Hand Cart
27:09 Scale Barding Armor
27:14 Forging
28:16 Forging
28:27 Chain Barding Armor
28:46 Husbandry
28:28 Cavalier
29:38 Gold Mining
32:10 Gold Shaft Mining
33:09 Iron Casting
33:49 Bow Saw
33:38 Paladin
35:15 Plate Barding Armor
36:31 Blast Furnace
Connection lost

Rejoining the realm…

Still unreachable

The connection could not be restored.

Session expired

The server has moved on; the page needs a fresh start.